 Dungeon Crawl Stone Soup version 0.28.0-53-g5a82cb258f (webtiles) character file.

Game seed: 9898205742682255475

361 styxcanada the Covert (level 6, 0/27 (32) HPs)
             Began as a Spriggan Brigand on Aug 18, 2022.
             Shot with a stone by a goblin (6 damage)
             ... on level 4 of the Dungeon.
             The game lasted 00:20:53 (4759 turns).

styxcanada the Covert (Spriggan Brigand)            Turns: 4759, Time: 00:20:53

HP:   0/27 (32)     AC:  3    Str: 13    XL:     6   Next: 38%
MP:   10/10         EV: 18    Int: 20    God:
Gold: 178           SH:  0    Dex: 19    Spells: 6/9 levels left

rFire   . . .      SeeInvis +   a - +2 dagger
rCold   . . .      Faith    .   (no shield)
rNeg    . . .      Spirit   .   b - +0 robe
rPois   .          Reflect  .   (helmet restricted)
rElec   +          Harm     .   c - +0 cloak
rCorr   .          Rampage  .   (gloves unavailable)
Will    .....                   (boots unavailable)
Stlth   ++++......              h - amulet of regeneration
HPRegen 0.89/turn               f - ring of Grontol {rElec Will- Str+6 Int+8}
MPRegen 0.12/turn               (no ring)

@: heavily drained, very quick
A: very small, no large weapons, unfitting armour, see invisible, speed 3
a: no special abilities


You were on level 4 of the Dungeon.
You visited 1 branch of the dungeon, and saw 4 of its levels.

You collected 178 gold pieces.

Inventory:

Hand Weapons
 a - a +2 dagger (weapon)
 m - a +0 hunting sling
Missiles
 e - a curare-tipped dart
 g - 120 stones
 n - 4 poisoned darts (quivered)
Armour
 b - a +0 robe (worn)
 c - a +0 cloak (worn)
Jewellery
 f - the ring of Grontol (left hand) {rElec Will- Str+6 Int+8}
   (You found it on level 4 of the Dungeon)

   [ring of strength]

   Str:       It affects your strength (+6).
   Int:       It affects your intelligence (+8).
   rElec:     It insulates you from electricity.
   Will:      It decreases your willpower.
 h - an amulet of regeneration (around neck)
Potions
 d - a potion of brilliance
 i - a potion of berserk rage
 l - a potion of curing
 o - a potion of resistance {unknown}
 r - a potion of invisibility {unknown}


   Skills:
 * Level 2.5 Fighting
 + Level 3.0 Short Blades
 + Level 1.1(2.2) Slings
 + Level 2.3(2.5) Throwing
 * Level 3.1 Dodging
 * Level 8.9 Stealth
 * Level 2.3 Spellcasting
 * Level 0.3 Summonings


You had 6 spell levels left.
You knew the following spells:

 Your Spells              Type           Power      Damage    Failure   Level
a - Call Canine Familiar  Summ           3%         N/A       38%         3

Your spell library contained the following spells:

 Spells                   Type           Power      Damage    Failure   Level
 Summon Small Mammal      Summ           12%        N/A       14%         1
 Inner Flame              Hex/Fire       2%         N/A       41%         3
 Summon Guardian Golem    Hex/Summ       2%         N/A       41%         3
 Cause Fear               Hex            1%         N/A       83%         4
 Discord                  Hex            1%         N/A       100%        8


Dungeon Overview and Level Annotations

Branches:
Dungeon (4/15)
 Temple: D:4-7

Altars:

Annotations:
D:3 turdburglar's ghost, amateur DsFi
D:4 Ijyb


Innate Abilities, Weirdness & Mutations

You are very small and have problems with some larger weapons.
You are too small for most types of armour.
You have supernaturally acute eyesight. (SInv)
You cover ground extremely quickly. (Speed+++)


Message History

The jackal bites you but does no damage.
Ijyb hits you but does no damage.
You feel drained.
You hit Ijyb but do no damage. You punch Ijyb, but do no damage.
The jackal misses you. Ijyb barely misses you.
You hit Ijyb.
Ijyb is lightly wounded.
The jackal completely misses you. The goblin completely misses you.
You hit the jackal.
The jackal is heavily wounded.
The jackal closely misses you. Ijyb barely misses you.
The goblin closely misses you. The jackal barely misses you.
The goblin closely misses you.
You barely miss the jackal.
The jackal is heavily wounded.
Ijyb zaps a wand.
The puff of flame hits you! The jackal closely misses you.
The goblin misses you. x2
You hit the jackal.
The jackal is severely wounded.
Ijyb barely misses you. The jackal bites you. The goblin closely misses you.
You hit the jackal but do no damage.
The jackal is severely wounded.
The goblin hits you with a +0 club. The jackal misses you.
Ijyb barely misses you.
You hit the jackal but do no damage.
The jackal is severely wounded.
The jackal completely misses you. The goblin misses you.
The goblin hits you with a +0 club.
Ijyb zaps a wand.
The puff of flame hits you.
You barely miss the jackal.
The jackal is severely wounded.
The jackal closely misses you. The goblin misses you.
The goblin barely misses you.
Ijyb hits you with a +2 dagger of draining.
* * * LOW HITPOINT WARNING * * *
You feel drained.
* * * LOW HITPOINT WARNING * * *
The jackal barely misses you.
A goblin comes into view. It is wielding a +0 hunting sling.
The goblin shoots a stone.
The stone hits you.
You die...

##'##§....#
#...#§....#
#...#...g.#
#)..#.....#
##'##.....##+#
#.....)).....#
#............#
#...##########
#..@#h......
#...'g......
#...gg......
############


You could see Ijyb and 3 goblins.

Vanquished Creatures
  A necrophage (D:4)
  A scorpion (D:4)
  Jessica (D:2)
  Terence (D:2)
  Robin (D:2)
  6 adders
  A worm (D:2)
  A dart slug (D:2)
  An orc (D:4)
  3 bats
  9 endoplasms
  3 giant cockroaches
  11 hobgoblins
  10 jackals
  3 quokkas
  10 ball pythons
  3 frilled lizards
  17 goblins
  5 kobolds
  4 rats
92 creatures vanquished.

Vanquished Creatures (others)
  A fungus (D:1)
  3 plants
4 creatures vanquished.

Grand Total: 96 creatures vanquished

Notes
Turn   | Place    | Note
-------+----------+-------------------------------------------
     0 | D:1      | styxcanada the Spriggan Brigand began the quest for the
                  | Orb.
     0 | D:1      | Reached XP level 1. HP: 10/10 MP: 2/2
    36 | D:1      | Reached skill level 6 in Stealth
   633 | D:1      | Reached XP level 2. HP: 14/14 MP: 3/3
  1371 | D:1      | Found a faded altar of an unknown god.
  1470 | D:2      | Reached XP level 3. HP: 18/18 MP: 4/4
  1568 | D:2      | Noticed Jessica
  1575 | D:2      | Killed Jessica
  1576 | D:2      | Reached skill level 7 in Stealth
  1639 | D:2      | Reached skill level 1 in Spellcasting
  1674 | D:2      | Reached XP level 4. HP: 23/23 MP: 6/6
  1840 | D:2      | Noticed Terence
  1885 | D:2      | Killed Terence
  2332 | D:2      | Noticed Robin
  2499 | D:2      | Killed Robin
  2500 | D:2      | Reached skill level 8 in Stealth
  2500 | D:2      | Reached XP level 5. HP: 23/26 MP: 8/8
  3398 | D:3      | Found a runed translucent door.
  3398 | D:3      | Noticed turdburglar's ghost (amateur DsFi)
  4397 | D:4      | Identified the ring of Grontol {rElec Will- Str+6 Int+8}
  4475 | D:4      | Reached skill level 1 in Slings
  4475 | D:4      | Reached XP level 6. HP: 32/32 MP: 8/10
  4528 | D:4      | Learned a level 3 spell: Call Canine Familiar
  4747 | D:4      | Noticed Ijyb
  4759 | D:4      | Shot with a stone by a goblin

Illustrated notes

Levels and vault maps discovered:
D:1:      doesnt_arrival_eight_statues, layout_loops_corners,
          shapermc_ecumenical_altar_petra
D:2:      cheibrodos_old_hovel, layout_basic, uniq_terence, uniq_jessica,
          uniq_robin
D:3:      layout_basic, hellmonk_ghost_happy_afterlife
D:4:      kennysheep_goblin_castle, layout_basic, minmay_temple_entry_tees,
          minmay_misc_feat_plants

Skill      XL: |  1  2  3  4  5  6 |
---------------+-------------------+-----
Stealth        | 6 7 8 |  8.9
Dodging        | 2 3 |  3.1
Spellcasting   | 1 2 |  2.3
Fighting       | 2 |  2.5
Slings         | 1 |  1.1
Short Blades   | 3 |  3.0
Throwing       | |  2.3
Summonings     | |  0.3

Action                   |  1- 3 |  4- 6 || total
-------------------------+-------+-------++-------
Melee: Dagger            |    92 |   192 ||   284
       Punch             |       |     2 ||     2
 Fire: Hunting sling     |       |    48 ||    48
Throw: Dart              |     2 |    35 ||    37
       Stone             |       |     3 ||     3
  Use: Potion            |       |     1 ||     1
       Scroll            |       |    10 ||    10
 Stab: Sleeping          |    14 |    16 ||    30
Armor: Robe              |     9 |    25 ||    34
Dodge: Dodged            |    45 |   146 ||   191
